 Dungeon Crawl Stone Soup version 0.30-a0-859-gf88a04b62d (webtiles) character file.

Game seed: 1365272631479235124

527 ragingrage the Covert (level 7, -3/60 HPs)
             Began as a Gnoll Delver on Mar 6, 2023.
             Was a Believer of Wu Jian.
             Slain by Edmund
             ... wielding a +1 heavy dire flail
              (14 damage)
             ... on level 4 of the Dungeon.
             The game lasted 00:05:16 (3927 turns).

ragingrage the Covert (Gnoll Delver)                Turns: 3927, Time: 00:05:16

Health: -3/60      AC:  5    Str: 11    XL:     7   Next: 23%
Magic:  10/10      EV: 13    Int: 11    God:    Wu Jian [**....]
Gold:   159        SH:  5    Dex: 14    Spells: 10/10 levels left

rFire   . . .      SeeInvis .    q - +2 short sword (freeze)
rCold   . . .      Faith    .    (no shield)
rNeg    . . .      Spirit   .    B - +1 leather armour {Will+}
rPois   .          Reflect  +    (no helmet)
rElec   .          Rampage  .    (no cloak)
rCorr   .                        (no gloves)
Will    +....                    l - +0 pair of boots
Stlth   ++++                     t - amulet of reflection
HPRegen 0.30/turn                n - ring of flight
MPRegen 0.12/turn                (no ring)

@: flying
A: fangs 1, strong nose, distributed training
a: Renounce Religion, Wall Jump


You were on level 4 of the Dungeon.
You worshipped Wu Jian.
Wu Jian was pleased with you.
You visited 1 branch of the dungeon, and saw 5 of its levels.

You collected 159 gold pieces.

Inventory:

Hand Weapons
 a - a +0 falchion
 b - a +0 dagger
 q - a +2 short sword of freezing (weapon)
 y - a +0 sling
Missiles
 p - 2 poisoned darts (quivered)
 s - 7 javelins
 v - a throwing net
 A - 2 silver boomerangs
Armour
 l - a +0 pair of boots (worn)
 B - a +1 leather armour of willpower (worn)
 C - a +0 cloak
Jewellery
 n - a ring of flight (left hand)
 t - an amulet of reflection (around neck)
Wands
 g - a wand of digging (3)
 E - a wand of polymorph (10)
Scrolls
 c - a scroll of fog
 d - a scroll of magic mapping
 e - 3 scrolls of fear
 i - a scroll of amnesia {unknown}
 j - 4 scrolls of identify {unknown}
 r - 2 scrolls of teleportation {unknown}
 u - a scroll of noise {unknown}
 D - a scroll of brand weapon {unknown}
Potions
 f - a potion of haste
 k - a potion of brilliance {unknown}
 m - a potion of might {unknown}
 o - 2 potions of curing
 w - a potion of flight {unknown}
 x - a potion of cancellation {unknown}
 z - a potion of resistance {unknown}


   Skills:
 + Level 7.0 Fighting
 + Level 2.4 Short Blades
 + Level 5.2 Long Blades
 + Level 2.4 Axes
 + Level 2.4 Maces & Flails
 + Level 2.4 Polearms
 + Level 2.4 Staves
 + Level 2.4 Ranged Weapons
 + Level 2.4 Throwing
 + Level 2.4 Armour
 + Level 5.2 Dodging
 + Level 9.9 Stealth
 + Level 2.4 Shields
 + Level 2.4 Unarmed Combat
 + Level 2.4 Spellcasting
 + Level 2.0 Conjurations
 + Level 2.0 Hexes
 + Level 2.0 Summonings
 + Level 2.0 Necromancy
 + Level 2.0 Translocations
 + Level 2.0 Transmutations
 + Level 2.0 Fire Magic
 + Level 2.0 Ice Magic
 + Level 2.0 Air Magic
 + Level 2.0 Earth Magic
 + Level 2.0 Poison Magic
 + Level 2.7 Invocations
 + Level 2.4 Evocations


You had 10 spell levels left.
You didn't know any spells.
Your spell library was empty.

Dungeon Overview and Level Annotations

Branches:
Dungeon (5/15)
 Temple: D:4-7

Altars:
Wu Jian

Shops:
D:1 (   D:3 (

Annotations:
D:4 Edmund


Innate Abilities, Weirdness & Mutations

You have very sharp teeth.
Your uncanny sense of smell can sniff out nearby items.
Your experience applies equally to all skills.


Message History

Edmund hits you with a +1 heavy dire flail.
Unknown command.
Throw: 6 darts (atropa)
Aim: Edmund, wielding a +1 heavy dire flail and wearing a +3 scale mail of cold resistance (heavily wounded, 66% to hit, chance to blind on hit: 83%)
You throw an atropa-tipped dart. The atropa-tipped dart hits Edmund.
Edmund resists.
Throw: 5 darts (atropa)
Aim: Edmund, wielding a +1 heavy dire flail and wearing a +3 scale mail of cold resistance (heavily wounded, 66% to hit, chance to blind on hit: 83%)
You throw an atropa-tipped dart.
The atropa-tipped dart barely misses Edmund.
Edmund barely misses you.
Throw: 4 darts (atropa)
Aim: Edmund, wielding a +1 heavy dire flail and wearing a +3 scale mail of cold resistance (heavily wounded, 66% to hit, chance to blind on hit: 83%)
You throw an atropa-tipped dart. The atropa-tipped dart hits Edmund.
Edmund resists.
Throw: 3 darts (atropa)
Aim: Edmund, wielding a +1 heavy dire flail and wearing a +3 scale mail of cold resistance (heavily wounded, 66% to hit, chance to blind on hit: 83%)
You throw an atropa-tipped dart.
The atropa-tipped dart barely misses Edmund.
Edmund hits you with a +1 heavy dire flail!
Throw: 2 darts (atropa)
Aim: Edmund, wielding a +1 heavy dire flail and wearing a +3 scale mail of cold resistance (heavily wounded, 66% to hit, chance to blind on hit: 82%)
You throw an atropa-tipped dart.
The atropa-tipped dart barely misses Edmund.
Edmund barely misses you.
Throw: dart (atropa)
Aim: Edmund, wielding a +1 heavy dire flail and wearing a +3 scale mail of cold resistance (heavily wounded, 66% to hit, chance to blind on hit: 83%)
You throw an atropa-tipped dart. The atropa-tipped dart hits Edmund.
Edmund appears confused.
Okay, then.
You hit Edmund but do no damage. Edmund misses you.
You hit Edmund but do no damage. You barely miss Edmund.
Edmund seems less confused.
Edmund hits you with a +1 heavy dire flail!!
* * * LOW HITPOINT WARNING * * *
You completely miss Edmund.
You feel better.
Edmund is no longer blind.
Edmund barely misses you. Edmund attacks as you move away!
Edmund hits you with a +1 heavy dire flail!
You die...

#.# #.####.)........).#
#.# # #.# #.#
####.....########.#####
#.# #.#
#......#............
#.# #.#
##.......#.....#####
#.# #.# #.....#...#####
..# #.# ###.########
.## #.# #...# ..####.#
#.#.# (......# #..@#
..#############@.# .##
#.......(..# ..#
#.#######.## #.# #.#
#.# #.# #.# #.# #.# #.#
#.# #.#####.#######.#
................#


You could see Edmund.

Vanquished Creatures
  3 scorpions (D:4)
  A hound (D:3)
  A jelly (D:4)
  A sleepcap (D:4)
  An orc wizard (D:3)
  8 gnolls
  7 adders
  2 dart slugs
  A worm (D:2)
  11 orcs
  9 endoplasms
  5 giant cockroaches
  3 goblins
  7 hobgoblins
  3 jackals (D:1)
  8 quokkas
  5 ball pythons
  5 bats
  6 frilled lizards
  6 kobolds
  7 rats
100 creatures vanquished.

Notes
Turn   | Place    | Note
-------+----------+-------------------------------------------
     0 | D:5      | Reached skill level 9 in Stealth
     0 | D:5      | ragingrage the Gnoll Delver began the quest for the Orb.
     0 | D:5      | Reached XP level 1. HP: 23/23 MP: 1/1
    45 | D:4      | Noticed a scorpion
    84 | D:3      | Found Faugraash's Antique Weapon Shop.
   223 | D:2      | Reached XP level 2. HP: 26/29 MP: 2/2
   414 | D:1      | Reached XP level 3. HP: 23/35 MP: 2/4
   500 | D:1      | Reached skill level 1 in Invocations
   595 | D:1      | Found Dailix's Weapon Boutique.
   702 | D:1      | Found a faded altar of an unknown god.
  1288 | D:1      | Prayed at the altar of an unknown god.
  1288 | D:1      | Became a worshipper of the Wu Jian Council
  1288 | D:1      | Reached * piety under Wu Jian
  1407 | D:1      | Reached skill level 1 in Short Blades
  1407 | D:1      | Reached skill level 1 in Axes
  1407 | D:1      | Reached skill level 1 in Maces & Flails
  1407 | D:1      | Reached skill level 1 in Polearms
  1407 | D:1      | Reached skill level 1 in Staves
  1407 | D:1      | Reached skill level 1 in Ranged Weapons
  1407 | D:1      | Reached skill level 1 in Throwing
  1407 | D:1      | Reached skill level 1 in Armour
  1407 | D:1      | Reached skill level 1 in Shields
  1407 | D:1      | Reached skill level 1 in Unarmed Combat
  1407 | D:1      | Reached skill level 1 in Spellcasting
  1407 | D:1      | Reached skill level 1 in Evocations
  1563 | D:2      | Reached XP level 4. HP: 41/41 MP: 5/5
  1803 | D:2      | Reached skill level 1 in Conjurations
  1803 | D:2      | Reached skill level 1 in Hexes
  1803 | D:2      | Reached skill level 1 in Summonings
  1803 | D:2      | Reached skill level 1 in Necromancy
  1803 | D:2      | Reached skill level 1 in Translocations
  1803 | D:2      | Reached skill level 1 in Transmutations
  1803 | D:2      | Reached skill level 1 in Fire Magic
  1803 | D:2      | Reached skill level 1 in Ice Magic
  1803 | D:2      | Reached skill level 1 in Air Magic
  1803 | D:2      | Reached skill level 1 in Earth Magic
  1803 | D:2      | Reached skill level 1 in Poison Magic
  2383 | D:3      | Reached XP level 5. HP: 47/47 MP: 5/7
  2445 | D:3      | Reached ** piety under Wu Jian
  3211 | D:4      | Reached skill level 5 in Long Blades
  3211 | D:4      | Reached skill level 5 in Dodging
  3211 | D:4      | Reached XP level 6. HP: 40/53 MP: 7/9
  3573 | D:4      | Reached XP level 7. HP: 60/60 MP: 10/10
  3650 | D:4      | Noticed Edmund
  3923 | D:4      | HP: 1/60 [Edmund/+1 heavy dire flail (23)]
  3927 | D:4      | Slain by Edmund

Illustrated notes

Levels and vault maps discovered:
D:1:      zelgadis_glass_arrival_small, layout_loops_ring, serial_shops,
          nicolae_lakefront_shop, hellmonk_ecumenical_altar_zigzags,
          nicolae_concentric_dashed_squares_mild
D:2:      layout_loops_ring, minmay_pentomino_z2
D:3:      layout_basic, serial_shops, nicolae_shop_crystal
D:4:      layout_loops_ring, uniq_edmund
D:5:      layout_basic

Skill      XL: |  1  2  3  4  5  6  7 |
---------------+----------------------+-----
Stealth        | |  9.9
Invocations    | 1 2 |  2.7
Short Blades   | 1 2 |  2.4
Axes           | 1 2 |  2.4
Maces & Flails | 1 2 |  2.4
Polearms       | 1 2 |  2.4
Staves         | 1 2 |  2.4
Ranged Weapons | 1 2 |  2.4
Throwing       | 1 2 |  2.4
Armour         | 1 2 |  2.4
Shields        | 1 2 |  2.4
Unarmed Combat | 1 2 |  2.4
Spellcasting   | 1 2 |  2.4
Evocations     | 1 2 |  2.4
Conjurations   | 1 2 |  2.0
Hexes          | 1 2 |  2.0
Summonings     | 1 2 |  2.0
Necromancy     | 1 2 |  2.0
Translocations | 1 2 |  2.0
Transmutations | 1 2 |  2.0
Fire Magic     | 1 2 |  2.0
Ice Magic      | 1 2 |  2.0
Air Magic      | 1 2 |  2.0
Earth Magic    | 1 2 |  2.0
Poison Magic   | 1 2 |  2.0
Long Blades    | 5 |  5.2
Dodging        | 5 |  5.2
Fighting       | 7 |  7.0

Action                     |  1- 3 |  4- 6 |  7- 9 || total
---------------------------+-------+-------+-------++-------
  Melee: Falchion          |    81 |   101 |       ||   182
         Bite              |     3 |    15 |     5 ||    23
         Dagger            |     1 |    24 |       ||    25
         Short sword       |       |    54 |    47 ||   101
         Punch             |       |     1 |     3 ||     4
   Fire: Sling             |    12 |       |       ||    12
  Throw: Dart              |       |     2 |     6 ||     8
Ability: Lunge             |     4 |    23 |       ||    27
         Whirlwind         |       |     2 |       ||     2
    Use: Potion            |       |       |     1 ||     1
   Stab: Sleeping          |    10 |    22 |     1 ||    33
         Distracted        |     1 |     1 |       ||     2
 Armour: Leather armour    |    18 |    21 |     4 ||    43
  Dodge: Dodged            |    45 |    65 |    16 ||   126
  Block: Other             |       |    28 |     7 ||    35
         Reflection        |       |     1 |       ||     1

Table legend: (Time is in decaauts)
 A = Elapsed time spent in this place.
 B = Non-inter-level travel time spent in this place.
 C = Inter-level travel time spent in this place.
 D = Time resting spent in this place.
 E = Time spent auto-exploring this place.
 F = Levels seen in this place.
 G = Mean time per level.
                   A        B        C        D        E       F      G
               +--------+--------+--------+--------+--------+-----+--------+
         Total |   3922 |   3601 |    321 |    211 |   2558 |   5 |  784.4 |
       Dungeon |   3922 |   3601 |    321 |    211 |   2558 |   5 |  784.4 |
               +--------+--------+--------+--------+--------+-----+--------+

Top non-repeatable levels by time:
     D:1: 1197 daAuts
     D:3: 1016 daAuts
     D:4: 926 daAuts
     D:2: 765 daAuts
     D:5: 17 daAuts
